Map: [ESL] Hecate

Players

MaxPax

  • Race: Protoss Protoss
  • Spawn Location: 7:00

Clem - Winner!

  • Race: Terran Terran
  • Spawn Location: 1:00

Event: ESL SC2 Masters 2023 Winter (Regional)

VOD

Have the link to the VOD?

Description

Time

  • Played on: Nov. 18, 2023, 8:52 a.m.
  • Length: 10:58

All games in this series

Show
View Real Time Build Order
Export as new Build Order

MaxPax Protoss 

Build Orders: 1 Gate Expand, Oracle Opening, Phoenix Opening, Zealot Archon 

Get SALT Encoding   

  12  0:00  Probe  
  13  0:12  Probe  
  14  0:17  Pylon  
  14  0:24  Probe (Chrono Boost)  
  16  0:36  Gateway, Probe (Chrono Boost)  
  16  0:42  Probe (Chrono Boost)  
  16  0:44  Assimilator  
  17  0:51  Probe  
  18  1:03  Probe  
  19  1:15  Probe  
  20  1:25  Cybernetics Core  
  20  1:27  Probe  
  21  1:33  Nexus  
  21  1:41  Pylon  
  21  1:42  Probe  
  22  1:50  Assimilator  
  22  1:54  Probe  
  22  1:58  Adept (Chrono Boost)  
  25  2:06  Probe  
  26  2:18  Probe, Adept (Chrono Boost)  
  29  2:25  Stargate  
  29  2:31  Probe  
  30  2:37  Shield Battery  
  30  2:39  Warp Gate  
  31  2:45  Probe (Chrono Boost)  
  31  2:47  Probe (Chrono Boost)  
  31  2:49  Adept  
  34  2:55  Probe (Chrono Boost)  
  34  2:57  Shield Battery, Probe (Chrono Boost)  
  34  3:00  Probe (Chrono Boost)  
  35  3:07  Oracle (Chrono Boost), Probe  
  35  3:12  Probe  
  40  3:16  Pylon  
  40  3:19  Probe  
  41  3:24  Probe  
  42  3:31  Assimilator, Probe  
  42  3:33  Twilight Council  
  43  3:36  Probe  
  43  3:39  Gateway  
  44  3:43  Probe  
  44  3:44  Gateway  
  44  3:48  Probe  
  46  3:53  Phoenix  
  48  3:59  Probe  
  48  4:02  Probe  
  50  4:06  Charge (Chrono Boost)  
  50  4:11  Probe  
  50  4:14  Probe  
  52  4:24  Pylon  
  52  4:26  Nexus, Phoenix  
  54  4:31  Forge  
  54  4:37  Pylon  
  54  4:42  Probe x2  
  54  4:43  Sentry, Zealot, Stalker  
  62  4:49  Shield Battery  
  62  4:55  Probe x2  
  64  5:01  Phoenix  
  64  5:03  Pylon  
  66  5:10  Gateway  
  66  5:12  Gateway  
  66  5:14  Stalker  
  68  5:15  Stalker  
  68  5:21  Zealot, Probe  
  71  5:23  Probe  
  69  5:33  Probe  
  68  5:37  Zealot  
  68  5:39  Protoss Ground Weapons Level 1 (Chrono Boost), Probe  
  68  5:41  Probe  
  72  5:43  Phoenix  
  72  5:45  Probe  
  72  5:49  Gateway  
  75  5:51  Probe  
  75  5:53  Probe  
  77  5:57  Probe  
  77  6:00  Sentry, Gateway  
  77  6:01  Zealot, Gateway  
  77  6:03  Probe  
  83  6:04  Zealot  
  83  6:06  Probe  
  83  6:10  Assimilator  
  86  6:11  Probe  
  86  6:15  Probe  
  88  6:20  Pylon, Probe  
  88  6:21  Templar Archives  
  89  6:30  Nexus  
  89  6:32  Pylon  
  89  6:33  Zealot x2  
  89  6:37  Pylon  
  93  6:41  Pylon  
  93  6:47  Pylon, Probe  
  94  6:52  Pylon  
  94  6:54  Zealot x5  
  94  7:00  Gateway  
  104  7:03  High Templar x2  
  104  7:04  Gateway  
  104  7:07  Archon  
  104  7:08  Probe x2  
  110  7:09  Robotics Facility  
  110  7:11  Probe  
  110  7:14  Phoenix  
  113  7:18  Photon Cannon  
  113  7:22  Probe x2  
  115  7:23  Probe  
  115  7:26  Photon Cannon  
  115  7:27  Assimilator  
  116  7:33  High Templar x2  
  116  7:34  Probe  
  116  7:35  Probe  
  122  7:37  Archon  
  122  7:41  Protoss Ground Weapons Level 2 (Chrono Boost)  
  122  7:47  Zealot x2  
  122  7:48  Zealot x4  
  134  7:53  Probe x2  
  134  7:57  Probe  
  137  8:00  Robotics Bay  
  137  8:04  Immortal (Chrono Boost)  
  137  8:11  Zealot x6  
  153  8:15  Photon Cannon  
  153  8:16  Zealot  
  155  8:25  Zealot x2  
  154  8:29  Probe x2  
  154  8:33  Pylon  
  156  8:36  Pylon  
  156  8:48  Colossus (Chrono Boost)  
  156  8:51  Extended Thermal Lance, Probe x2  
  156  8:54  Probe x2  
  166  8:56  Pylon x2  
  166  8:58  Pylon  
  165  9:04  Robotics Facility  
  165  9:05  Photon Cannon  
  165  9:06  Probe  
  165  9:07  Shield Battery  
  158  9:17  Zealot x8  
  158  9:18  Zealot  
  156  9:34  Colossus (Chrono Boost)  
  158  9:43  Stalker x9  
  156  9:47  Probe  
  156  9:50  Probe  
  158  9:53  Colossus (Chrono Boost)  
  164  10:05  Pylon  
  164  10:06  Zealot x7  
  170  10:07  Zealot  
  158  10:16  Sentry  
  128  10:33  Zealot x8  
  105  10:48  Zealot  
Show
View Real Time Build Order
Export as new Build Order

Clem Terran - Winner!

Build Orders:  

Get SALT Encoding   

  12  0:00  SCV  
  13  0:12  SCV  
  14  0:17  Supply Depot  
  14  0:24  SCV  
  15  0:38  SCV  
  15  0:39  Barracks  
  15  0:42  Refinery  
  16  0:50  SCV  
  17  0:59  Barracks  
  17  1:02  SCV  
  18  1:15  SCV  
  19  1:26  Reaper  
  19  1:28  Orbital Command  
  20  1:49  Reaper  
  21  1:59  Command Center  
  21  2:02  Reaper  
  22  2:10  Supply Depot  
  22  2:21  Reaper  
  23  2:28  Refinery  
  23  2:31  SCV  
  24  2:39  Barracks, Reaper  
  24  2:43  SCV  
  26  2:55  SCV  
  26  3:07  SCV  
  26  3:10  Orbital Command, Barracks Tech Lab  
  27  3:14  Barracks Reactor  
  28  3:20  SCV  
  28  3:21  Factory  
  28  3:26  Marine  
  28  3:29  Marine  
  28  3:32  SCV  
  30  3:35  Stimpack  
  30  3:37  SCV  
  31  3:42  Supply Depot  
  31  3:44  Marine, SCV  
  31  3:47  Marine  
  34  3:49  SCV  
  34  3:50  Marine x2  
  37  3:56  SCV  
  37  4:01  SCV  
  39  4:05  Marine  
  39  4:08  SCV  
  40  4:10  Marine x2  
  40  4:12  Barracks Tech Lab  
  40  4:13  SCV  
  40  4:15  Engineering Bay  
  42  4:17  Cyclone  
  42  4:20  SCV  
  45  4:25  SCV  
  45  4:26  Marine  
  45  4:29  Combat Shield  
  45  4:30  Marine  
  48  4:32  SCV  
  48  4:34  Marine, Supply Depot  
  48  4:37  SCV  
  51  4:39  Marine  
  51  4:44  SCV, Marine  
  54  4:55  Cyclone, SCV, Marine x2  
  54  4:56  Supply Depot  
  54  4:57  Marine  
  60  5:02  SCV  
  60  5:04  Marine, Supply Depot  
  62  5:09  Terran Infantry Weapons Level 1  
  62  5:15  Starport  
  62  5:18  SCV x2, Marine x2  
  66  5:27  Marauder  
  66  5:28  Marauder  
  67  5:30  SCV x2  
  67  5:31  Factory Reactor  
  62  5:35  Marine  
  62  5:37  Marine  
  62  5:42  SCV x2, Refinery  
  59  5:47  Refinery  
  59  5:49  Marauder, Supply Depot  
  61  5:50  Concussive Shells  
  61  5:51  Marauder  
  61  5:53  Marine  
  61  5:54  SCV  
  61  5:55  Marine  
  65  6:03  SCV  
  66  6:06  Command Center  
  66  6:10  Medivac  
  68  6:11  Marine  
  68  6:13  Medivac, Factory Reactor, Marine  
  68  6:16  Supply Depot  
  68  6:18  Marauder  
  74  6:20  Marauder  
  76  6:30  SCV  
  76  6:31  Barracks, SCV  
  76  6:32  Barracks  
  78  6:33  Marine x2  
  80  6:40  Medivac  
  80  6:43  Medivac  
  80  6:44  Supply Depot  
  80  6:45  Marauder  
  88  6:47  Marauder  
  88  6:50  Widow Mine  
  88  6:52  Widow Mine  
  88  6:53  Marine  
  93  6:54  Marine  
  93  6:59  Supply Depot  
  94  7:05  Supply Depot  
  94  7:07  Marauder  
  98  7:08  Marauder  
  98  7:11  Marine  
  98  7:12  Marine  
  102  7:15  Widow Mine  
  102  7:17  Medivac x2  
  102  7:18  Widow Mine  
  102  7:21  Barracks Tech Lab  
  102  7:22  Barracks Reactor  
  107  7:28  Marauder  
  109  7:31  Orbital Command  
  109  7:33  Terran Infantry Armor Level 1  
  109  7:34  Marine x2  
  109  7:37  Widow Mine  
  113  7:38  Marauder  
  113  7:40  Widow Mine  
  113  7:42  Marauder  
  118  7:49  Marauder  
  118  7:50  Viking  
  122  7:51  Supply Depot  
  122  7:56  Marine x2  
  124  7:58  Marine  
  124  8:00  Marine, Marauder  
  124  8:05  Marauder  
  130  8:06  Supply Depot  
  130  8:10  Widow Mine  
  132  8:13  Widow Mine  
  132  8:14  Missile Turret, Marauder  
  132  8:17  Marine x2  
  132  8:18  Marine x2  
  140  8:25  Marauder  
  140  8:26  Marauder, Supply Depot  
  141  8:31  Orbital Command, Supply Depot  
  141  8:35  Marauder  
  141  8:36  Marine, Widow Mine  
  141  8:37  Marine, Ghost Academy  
  141  8:38  Marine  
  148  8:45  Widow Mine  
  148  8:47  Marine  
  148  8:48  Marauder  
  152  8:53  Supply Depot  
  152  8:54  Marauder  
  154  8:56  Marauder, Supply Depot  
  154  8:57  Marine x2  
  154  8:59  Supply Depot  
  154  9:00  Marine  
  159  9:06  Widow Mine  
  159  9:07  Marine  
  159  9:09  Marauder  
  164  9:11  Orbital Command  
  164  9:15  Marauder, Marine  
  164  9:16  Widow Mine  
  164  9:18  Ghost  
  164  9:24  Marine  
  167  9:27  Widow Mine  
  167  9:28  SCV x2  
  167  9:30  Ghost, Marine x2  
  172  9:34  Marine  
  172  9:36  Marauder  
  175  9:42  Medivac x2  
  175  9:45  Widow Mine  
  165  9:46  SCV  
  165  9:50  Ghost  
  168  9:54  Marine x2  
  168  9:55  Marine  
  168  9:57  Widow Mine  
  171  10:04  Marine, Marauder  
  171  10:05  Marine  
  170  10:12  Marine, Medivac x2  
  170  10:13  Widow Mine  
  158  10:14  Marine  
  158  10:18  Marine  
  158  10:20  Widow Mine, Marauder  
  155  10:22  Marine  
  155  10:23  Marine  
  155  10:25  SCV x2  
  155  10:26  Marine, SCV  
  154  10:32  Marine  
  154  10:35  Marine, Widow Mine  
  154  10:38  SCV  
Tags
 
Add a new tag
Caveats
  • Supply blocks, unpowered buildings, or Contaminate may cause inaccurate times.
  • Supply counts are checked every 10 seconds.